 Dungeon Crawl Stone Soup version 0.22-a0-223-g0f5d773 (webtiles) character file.

426154 wolfsongas the Lord of Darkness (level 23, -17/182 HPs)
             Began as a Gnoll Skald on Feb 19, 2018.
             Was the Champion of Kikubaaqudgha.
             Killed from afar by a deep elf mage (32 damage)
             ... with a bolt of lightning
             ... on level 5 of the Vaults.
             The game lasted 05:35:35 (81118 turns).

wolfsongas the Lord of Darkness (Gnoll Skald)      Turns: 81118, Time: 05:35:36

Health: -17/182    AC: 35    Str: 18    XL:     23   Next: 81%
Magic:  3/42       EV: 16    Int: 23    God:    Kikubaaqudgha [******]
Gold:   1191       SH: 21    Dex: 16    Spells: 15/53 levels left

rFire    + + .     SeeInvis .   G - +6 demon whip (elec)
rCold    . . .     Gourm    .   r - +1 shield {rPois}
rNeg     . . .     Faith    .   e - +2 fire dragon scales
rPois    +         Spirit   .   u - +2 hat
rElec    .         Reflect  +   n - +1 cloak
rCorr    .         Harm     .   p - +2 pair of gloves {Str+3}
MR       ++...                  k - +0 pair of boots
Stlth    ++++......             i - +6 amulet of reflection
HPRegen  0.40/turn              S - +5 ring of protection
MPRegen  0.28/turn              l - ring of protection from magic

@: about to teleport, very slightly contaminated, constricted, studying Long
Blades
A: distributed training, fangs 1, yellow scales 1, sense surroundings 1, shaggy
fur 3, strong nose
}: 2/15 runes: serpentine, barnacled
a: Receive Corpses, Torment, Renounce Religion


You were on level 5 of the Vaults.
You worshipped Kikubaaqudgha.
Kikubaaqudgha was exalted by your worship.
You were not hungry.

You visited 8 branches of the dungeon, and saw 43 of its levels.
You also visited: Ossuary and Volcano.

You collected 4053 gold pieces.
You spent 2862 gold pieces at shops.

Inventory:

Hand Weapons
 m - a +9 dagger of pain
 G - a +6 demon whip of electrocution (weapon)
Armour
 a - the +2 pair of boots of the Assassin {Detection Stab+ Stlth++}
   (You found it on level 5 of the Vaults)

   It makes you much more stealthy.
 e - +2 fire dragon scales (worn)
 k - a +0 pair of boots (worn)
 n - a +1 cloak (worn)
 p - a +2 pair of gloves of strength (worn)
 r - a +1 shield of poison resistance (worn)
 u - a +2 hat (worn)
Jewellery
 i - a +6 amulet of reflection (around neck)
 l - a ring of protection from magic (right hand)
 y - the ring of Xom's Sleight of Hands {rF+ MP+9 Str+2}
   (You found it on level 1 of the Shoals)

   [ring of magical power]

   It affects your strength (+2).
   It protects you from fire.
   It affects your magic capacity (+9).
 E - the ring of Wu Jian's Indignation {MP+9 Int+4 SInv}
   (You bought it in a shop on level 1 of the Snake Pit)

   [ring of see invisible]

   It affects your intelligence (+4).
   It affects your magic capacity (+9).
   It lets you see invisible.
 J - a +6 ring of strength
 S - a +5 ring of protection (left hand)
 U - the ring of Phasing {EV+8}
   (You found it on level 3 of the Depths)

   [ring of evasion]

   It affects your evasion (+8).
Wands
 v - a wand of iceblast (16)
 D - a wand of disintegration (31)
 H - a wand of flame (25)
 I - a wand of digging (8)
Scrolls
 f - 10 scrolls of teleportation
 j - a scroll of torment
 x - a scroll of vulnerability
 z - 13 scrolls of remove curse
 C - 7 scrolls of amnesia
 N - a scroll of holy word
 O - 2 scrolls of identify
 Q - 2 scrolls of silence
 T - 2 scrolls of brand weapon
 W - 2 scrolls of magic mapping
Potions
 b - 6 potions of berserk rage
 d - a potion of might
 g - 7 potions of lignification
 h - 3 potions of ambrosia
 o - 2 potions of agility
 q - 7 potions of mutation
 t - 8 potions of brilliance
 M - 3 potions of curing
Books
 P - a manual of Long Blades
Miscellaneous
 B - a crystal ball of energy
Comestibles
 c - 7 rations


   Skills:
 + Level 15.5 Fighting
 + Level 14.9 Short Blades
 + Level 15.4 Long Blades
 + Level 15.5 Axes
 + Level 14.9 Maces & Flails
 + Level 14.9 Polearms
 + Level 14.9 Staves
 + Level 14.9 Slings
 + Level 14.9 Bows
 + Level 14.9 Crossbows
 + Level 14.9 Throwing
 + Level 15.1 Armour
 + Level 15.5 Dodging
 + Level 14.9 Stealth
 + Level 14.9 Shields
 + Level 14.9 Unarmed Combat
 + Level 15.6 Spellcasting
 + Level 12.9 Conjurations
 + Level 12.9 Hexes
 + Level 13.8 Charms
 + Level 12.9 Summonings
 + Level 12.9 Necromancy
 + Level 12.9 Translocations
 + Level 12.9 Transmutations
 + Level 12.9 Fire Magic
 + Level 12.9 Ice Magic
 + Level 12.9 Air Magic
 + Level 12.9 Earth Magic
 + Level 12.9 Poison Magic
 + Level 16.1 Invocations
 + Level 14.9 Evocations


You had 15 spell levels left.
You knew the following spells:

 Your Spells              Type           Power        Failure   Level  Hunger
a - Infusion              Chrm           ####         1%          1    None
b - Shroud of Golubria    Chrm/Tloc      ######....   1%          2    None
c - Simulacrum            Ice/Necr       ######....   6%          6    ####...
d - Spectral Weapon       Hex/Chrm       ######..     1%          3    None
e - Summon Lightning Spi  Summ/Air       ######..     1%          4    None
f - Dazzling Spray        Conj/Hex       ######       1%          3    None
g - Borgnjor's Vile Clut  Necr/Erth      ######....   1%          5    ##.....
h - Fireball              Conj/Fire      ######....   1%          5    ##.....
i - Confuse               Hex            ######..     1%          3    None
j - Iron Shot             Conj/Erth      ######....   6%          6    ####...


Dungeon Overview and Level Annotations

Branches:
Dungeon (15/15)            Temple (0/1) D:6            Lair (6/6) D:10
 Shoals (4/4) Lair:4        Snake (4/4) Lair:2        Slime (0/5) Lair:6
    Orc (2/2) D:9             Elf (2/3) Orc:2        Vaults (5/5) D:13
  Crypt (0/3) Vaults:3     Depths (5/5) D:15            Zot (0/5) Depths:5

Altars:
Dithmenos
Elyvilon
Fedhas
Gozag
Hepliaklqana
Kikubaaqudgha
Makhleb
Nemelex Xobeh
Qazlal
Sif Muna
Trog
Uskayaw
Yredelemnul
Zin
Beogh
Lugonu

Shops:
D:9 *   D:14 =   Orc:2 [*:(   Elf:2 ?=   Snake:1 }=}   Snake:3 (}(   Vaults:1 :
Vaults:2 [   Depths:1 }   Depths:3 (([

Portals:
Hell: Depths:1 Depths:2 Depths:3 Depths:4 Depths:5
Abyss: Depths:2 Depths:4
Pandemonium: Depths:3 Depths:4 Depths:5
Ziggurat: Depths:5

Annotations:
Orc:2 Saint Roka


Innate Abilities, Weirdness & Mutations

Your experience applies equally to all skills.
You have very sharp teeth.
Your uncanny sense of smell can sniff out nearby items.
You are partially covered in yellow scales. (AC +2)
You passively map a small area around you.
Your thick and shaggy fur keeps you warm. (AC +3, rC+)


Message History

The deep elf elementalist gestures wildly while chanting.
The deep elf elementalist seems to speed up.
You block the tentacled monstrosity's attack.
The tentacled monstrosity tentacle-slaps you but does no damage. x2
* * * LOW HITPOINT WARNING * * *
The tentacled monstrosity constricts you!
The deep elf mage casts a spell at you. The bolt of lightning hits you!
* * * LOW HITPOINT WARNING * * *
An ironheart preserver comes into view. It is wielding a morningstar.
Okay, then.
You feel better.
You block the tentacled monstrosity's attack.
The tentacled monstrosity tentacle-slaps you but does no damage.
The tentacled monstrosity completely misses you.
The tentacled monstrosity constricts you.
The deep elf mage casts a spell at you. The bolt of lightning hits you!
You die...
Kikubaaqudgha rasps: "You have failed me!
Welcome... death!"

, **#..#..# ,
#..#..# , , , ,
.....#
#############...$#
,.........))).....#
,
.......÷†.)).))..#
.......†..)))....#
..........(÷).X†.#
#############.@÷.#
,, , .....e..††# ,
,,,.......#..# , ,
, ..###..#e.# .,
#..#..# ∆ ,#..#..#
, .p.#..# ,
.Q..#..# , ,


You could see a tentacled monstrosity, an ironheart preserver, a tengu reaver
(wandering), a deep elf elementalist and a deep elf mage.

Vanquished Creatures
  Bai Suzhen (Shoals:3)
  A lich (Depths:4)
  Jorgrun (Snake:2)
  Rupert (Lair:5)
  2 tentacled monstrosities
  A titan (Depths:2)
  3 sphinxes
  Ilsuiw (Shoals:3)
  2 storm dragons
  Donald (Orc:2)
  The ghost of brevous the Wrestler, a journeyman TrBe of Trog (Shoals:1)
  3 fire giants
  2 azure jellies (Vaults:2)
  A draconian knight (Depths:5)
  3 nagarajas
  An iron dragon (Vaults:2)
  3 frost giants
  An orc warlord (Orc:1)
  3 deep elf sorcerers (Vaults:4)
  13 vault wardens
  10 ironheart preservers
  A deep elf elementalist (Depths:3)
  9 stone giants
  8 very ugly things
  4 deep elf demonologists
  A vampire knight (Depths:4)
  2 spark wasps
  A lorocyproca (Depths:5)
  A green death (Depths:4)
  The ghost of packetloss the Blocker, a journeyman GrMo of Makhleb (Lair:5)
  2 deep elf death magi
  9 ettins
  3 merfolk javelineers
  13 ogre magi
  10 yaktaur captains
  7 fire dragons
  10 merfolk impalers (Shoals:4)
  7 great orbs of eyes
  41 vault guards
  10 ice dragons
  Harold (Orc:1)
  11 naga warriors
  5 rakshasas
  4 spriggan air magi
  7 hydras
  3 anacondas
  A death knight (Vaults:4)
  31 two-headed ogres
  4 death yaks (Lair:5)
  5 centaur warriors
  6 merfolk avatars
  8 dancing weapons
  An alligator snapping turtle (Shoals:4)
  2 alligators (Lair:5)
  6 merfolk aquamancers
  7 deep troll shamans
  6 tengu warriors
  A vampire mage (Depths:3)
  An orc high priest (Orc:2)
  3 deep troll earth magi
  Urug (D:11)
  5 naga sharpshooters
  2 spriggan berserkers
  A sun demon (Depths:4)
  6 shock serpents
  2 deep elf knights
  2 hell knights (Depths:2)
  3 shadow wraiths (Depths:4)
  4 iron trolls
  A death drake (Vaults:2)
  3 glowing orange brains
  4 unseen horrors
  14 sea snakes
  A swamp dragon (Lair:5)
  A large abomination (Depths:3)
  19 deep trolls
  An unseen horror (shapeshifter) (Elf:2)
  An infernal demonspawn (Depths:5)
  A salamander mystic (Snake:3)
  5 wizards
  A flayed ghost (Depths:4)
  4 naga ritualists
  23 harpies
  11 ironbrand convokers
  Pikel (D:8)
  2 deep elf archers
  10 orc knights
  A harpy (shapeshifter) (Vaults:1)
  4 necromancers
  4 phantasmal warriors
  36 deep elf magi
  4 orc sorcerers
  6 mana vipers
  A stone giant zombie (Vaults:4)
  24 ugly things
  5 manticores
  4 fauns (Shoals:3)
  5 wolf spiders
  A fire giant skeleton (Vaults:4)
  8 cyclopes
  9 salamanders
  23 black mambas
  2 salamanders (shapeshifter)
  A stone giant skeleton (Vaults:4)
  9 merfolk sirens
  5 guardian serpents
  11 vault sentinels
  A water nymph (Shoals:4)
  2 ice statues (Vaults:2)
  21 elephants
  Maurice (D:10)
  13 spiny frogs
  2 gargoyles
  2 orange demons
  A spriggan skeleton (Depths:4)
  An eye of devastation (shapeshifter) (Vaults:4)
  A smoke demon (Depths:5)
  18 naga magi
  A storm dragon simulacrum (Depths:4)
  A rime drake (shapeshifter) (Depths:4)
  5 komodo dragons
  3 rime drakes (Lair:6)
  44 yaktaurs
  A golden dragon simulacrum (Depths:4)
  3 freezing wraiths
  An anaconda simulacrum (Vaults:2)
  A queen bee (D:9)
  An ice devil (Depths:4)
  5 meliai
  4 trolls
  6 tengu conjurers
  8 hornets
  23 merfolk
  8 polar bears
  A hornet (shapeshifter) (Depths:3)
  13 dream sheep
  A slime creature (shapeshifter) (Depths:4)
  A hippogriff (shapeshifter) (Vaults:2)
  2 snapping turtles
  4 wind drakes
  2 raiju (Vaults:2)
  23 slime creatures
  A meliai zombie (D:11)
  9 hippogriffs
  2 blink frogs (Lair:6)
  A redback (shapeshifter) (Depths:3)
  3 redbacks (Vaults:2)
  17 water elementals
  4 air elementals
  A tarantella (Vaults:2)
  8 wyverns
  5 wraiths
  37 yaks
  A fire bat (Lair:3)
  4 fire elementals
  4 hogs (Elf:1)
  A yak (shapeshifter) (Depths:4)
  A chaos spawn (Depths:4)
  An elf simulacrum (Depths:4)
  5 basilisks
  A neqoxec (Depths:4)
  3 wargs
  5 hungry ghosts
  Edmund (D:5)
  A swamp worm (shapeshifter) (Vaults:4)
  A harpy simulacrum (Vaults:2)
  3 acid dragons
  A swamp worm (Lair:5)
  28 nagas
  A warg (shapeshifter) (Vaults:4)
  5 small abominations (Depths:3)
  2 soldier ants
  7 water moccasins
  A floating eye (Depths:4)
  A porcupine (Lair:4)
  32 orc warriors
  5 sky beasts
  2 slaves (D:8)
  An eye of draining (D:13)
  2 ice beasts
  2 black bears
  A fire dragon simulacrum (Vaults:2)
  7 boggarts
  A black mamba simulacrum (Vaults:2)
  5 wolves (Lair:3)
  30 ogres
  11 crocodiles
  3 phantoms
  14 centaurs
  3 big kobolds
  17 bullfrogs
  2 earth elementals (Vaults:2)
  A deep troll simulacrum (Vaults:3)
  2 wyvern skeletons
  5 scorpions
  An elephant simulacrum (Vaults:2)
  15 killer bees
  4 howler monkeys
  9 wights
  3 electric eels
  5 crimson imps
  A quasit (Depths:4)
  2 bullfrog zombies
  4 hounds
  2 human zombies
  7 centaur zombies
  4 jellies
  2 centaur skeletons
  22 orc priests
  3 iron imps (Depths:4)
  35 orc wizards
  7 bullfrog skeletons
  6 iguanas
  2 troll simulacra (Vaults:2)
  13 worker ants
  4 lightning spires (Vaults:2)
  8 ogre zombies (D:9)
  3 big kobold zombies (Ossuary)
  A hound skeleton (D:7)
  4 mummies (Ossuary)
  A worker ant zombie (D:5)
  15 adders
  A naga simulacrum (Vaults:2)
  4 shadow imps
  A white imp (Depths:4)
  An ufetubus (Depths:4)
  An ooze (D:1)
  An ooze (shapeshifter) (Depths:3)
  An adder skeleton (D:9)
  A worm (D:2)
  4 dart slugs
  A leopard gecko (D:10)
  82 orcs
  4 giant cockroaches
  2 gnoll zombies (D:3)
  11 goblins
  7 hobgoblins
  20 jackals
  4 quokkas
  A ball python (D:1)
  9 bats
  8 frilled lizards
  4 goblin skeletons (D:9)
  2 goblin zombies (D:9)
  A hobgoblin skeleton (D:9)
  5 hobgoblin zombies
  A jackal skeleton (D:7)
  16 kobolds
  2 kobold zombies (Ossuary)
  A leopard gecko skeleton (D:4)
  2 orc skeletons (D:9)
  12 orc zombies
  6 rats
  8 plants
1544 creatures vanquished.

Vanquished Creatures (collateral kills)
  Frederick (Depths:4)
  A bone dragon (Depths:5)
  A lich (Depths:5)
  A tentacled monstrosity (Depths:3)
  A titan (Depths:3)
  A shadow dragon (Depths:5)
  A tengu reaver (Depths:5)
  Kirke (Elf:1)
  A draconian monk (Depths:5)
  A draconian knight (Depths:5)
  A fire giant (Depths:4)
  4 frost giants
  A balrug (Depths:1)
  An orc warlord (Orc:2)
  9 stone giants
  A white draconian (Depths:5)
  A purple draconian (Depths:5)
  2 red draconians (Depths:5)
  4 ettins
  8 fire dragons
  2 rakshasas
  An ice dragon (Depths:5)
  2 naga warriors (Snake:4)
  A hydra (Lair:4)
  2 centaur warriors (D:15)
  A death knight (D:14)
  A merfolk aquamancer (Shoals:4)
  The ghost of brevous the Brawler, a novice TrBe of Trog (D:10)
  3 two-headed ogres
  3 catoblepae
  2 tengu warriors
  A naga sharpshooter (Snake:4)
  2 sun demons (Depths:1)
  2 hell knights (Depths:2)
  A salamander mystic (Snake:3)
  3 flayed ghosts (Depths:4)
  2 sea snakes
  A naga ritualist (Snake:4)
  A glowing orange brain (Depths:2)
  2 wizards (Depths:3)
  A swamp dragon (Lair:5)
  4 large abominations (Depths:3)
  2 orc knights (Orc:2)
  2 harpies
  A deep elf archer (Vaults:4)
  An ironbrand convoker (Vaults:4)
  4 phantasmal warriors (Depths:4)
  6 ugly things
  A wolf spider (Vaults:2)
  A faun (Shoals:1)
  2 deep elf magi (Elf:1)
  3 mana vipers
  4 cyclopes
  2 salamanders (Snake:3)
  3 manticores
  2 elephants
  2 water nymphs
  4 black mambas
  A molten gargoyle (Volcano)
  2 spiny frogs (Lair:6)
  10 naga magi
  2 vault sentinels
  5 rime drakes
  A torpor snail (Lair:6)
  2 freezing wraiths
  3 komodo dragons
  3 yaktaurs
  A polar bear (Lair:6)
  A red devil (Depths:5)
  A meliai (D:14)
  4 merfolk
  4 wind drakes
  4 dream sheep
  3 slime creatures
  A snapping turtle (Shoals:4)
  4 hippogriffs
  2 blink frogs (Lair:6)
  3 wraiths
  7 water elementals
  A redback (shapeshifter) (Vaults:5)
  2 wyverns
  2 fire bats (Lair:3)
  3 yaks
  A hog (Elf:1)
  A basilisk (Lair:1)
  13 nagas
  5 water moccasins
  A floating eye (Depths:4)
  3 ice beasts
  A swamp drake (Lair:5)
  5 orc warriors (Orc:2)
  A phantom (D:12)
  4 ogres
  A necrophage (D:13)
  A boggart (Depths:4)
  2 centaurs (D:14)
  6 crocodiles
  2 small abominations (Depths:3)
  A bullfrog (D:14)
  4 killer bees (D:9)
  8 wights
  3 orc priests
  A jelly (D:15)
  2 orc wizards (Orc:2)
  A worker ant zombie (D:11)
  An adder (D:12)
  11 orcs
  A jackal (D:11)
  A bush (Lair:6)
  4 fungi
  5 plants
283 creatures vanquished.

Vanquished Creatures (others)
  A vault warden (Vaults:1)
  4 stone giants
  3 merfolk javelineers
  A fire dragon (Depths:2)
  A yaktaur captain (Vaults:4)
  3 centaur warriors
  A two-headed ogre (Depths:2)
  3 naga sharpshooters
  A wizard (Vaults:2)
  3 deep elf archers
  A vault sentinel (Vaults:2)
  10 yaktaurs
  A freezing wraith (Vaults:1)
  3 merfolk
  A fire elemental (Elf:2)
  An ogre (D:11)
  An orc priest (Orc:2)
  2 ball lightnings (Vaults:2)
  An orc (Vaults:2)
  15 fungi
  26 plants
  21 spectral weapons
104 creatures vanquished.

Grand Total: 1931 creatures vanquished

Notes
Turn   | Place    | Note
-------+----------+-------------------------------------------
     0 | D:1      | wolfsongas the Gnoll Skald began the quest for the Orb.
     0 | D:1      | Reached XP level 1. HP: 20/20 MP: 6/6
   109 | D:1      | Reached XP level 2. HP: 24/26 MP: 7/7
   261 | D:1      | Reached skill level 5 in Spellcasting
   261 | D:1      | Reached XP level 3. HP: 19/31 MP: 7/9
  1030 | D:2      | Reached skill level 1 in Invocations
  1271 | D:2      | Reached skill level 1 in Short Blades
  1271 | D:2      | Reached skill level 1 in Long Blades
  1271 | D:2      | Reached skill level 1 in Maces & Flails
  1271 | D:2      | Reached skill level 1 in Polearms
  1271 | D:2      | Reached skill level 1 in Staves
  1271 | D:2      | Reached skill level 1 in Slings
  1271 | D:2      | Reached skill level 1 in Bows
  1271 | D:2      | Reached skill level 1 in Crossbows
  1271 | D:2      | Reached skill level 1 in Throwing
  1271 | D:2      | Reached skill level 1 in Stealth
  1271 | D:2      | Reached skill level 1 in Shields
  1271 | D:2      | Reached skill level 1 in Unarmed Combat
  1271 | D:2      | Reached skill level 1 in Evocations
  1351 | D:2      | Reached XP level 4. HP: 8/38 MP: 11/11
  1950 | D:2      | Reached skill level 1 in Conjurations
  1950 | D:2      | Reached skill level 1 in Hexes
  1950 | D:2      | Reached skill level 1 in Summonings
  1950 | D:2      | Reached skill level 1 in Necromancy
  1950 | D:2      | Reached skill level 1 in Translocations
  1950 | D:2      | Reached skill level 1 in Transmutations
  1950 | D:2      | Reached skill level 1 in Fire Magic
  1950 | D:2      | Reached skill level 1 in Ice Magic
  1950 | D:2      | Reached skill level 1 in Air Magic
  1950 | D:2      | Reached skill level 1 in Earth Magic
  1950 | D:2      | Reached skill level 1 in Poison Magic
  2302 | D:2      | Found a hide-covered altar of Uskayaw.
  2591 | D:2      | Learned a level 2 spell: Shroud of Golubria
  2594 | D:2      | Learned a level 2 spell: Song of Slaying
  2604 | D:3      | Reached XP level 5. HP: 36/43 MP: 8/12
  2878 | D:3      | Found a hazy altar of Hepliaklqana.
  2989 | D:3      | Found an opulent altar of Gozag.
  2989 | D:3      | Found a faded altar of an unknown god.
  2994 | D:3      | Found a burning altar of Makhleb.
  2996 | D:3      | Found a faded altar of an unknown god.
  2997 | D:3      | Found a bloodstained altar of Trog.
  3024 | D:3      | Became a worshipper of Kikubaaqudgha
  3024 | D:3      | Reached * piety under Kikubaaqudgha
  3024 | D:3      | Identified Kikubaaqudgha's Disquisition on Evil Magic (Kikubaaqudgha gifted it to you on level 3 of the Dungeon)
  3024 | D:3      | Received a gift from Kikubaaqudgha
  3032 | D:3      | Learned a level 3 spell: Spectral Weapon
  3087 | D:3      | Found a basalt altar of Yredelemnul.
  3143 | D:3      | Gained mutation: You are covered in fur. (AC +1) [potion of mutation]
  3143 | D:3      | Gained mutation: You are occasionally teleported next to monsters. [potion of mutation]
  3143 | D:3      | Gained mutation: You passively map a small area around you. [potion of mutation]
  3143 | D:3      | Gained mutation: You are covered in thick fur. (AC +2) [potion of mutation]
  3524 | D:4      | Noticed an ogre
  3535 | D:4      | Killed an ogre
  3535 | D:4      | Reached skill level 2 in Invocations
  3535 | D:4      | Reached XP level 6. HP: 29/50 MP: 2/13
  3768 | D:4      | Reached skill level 5 in Fighting
  3768 | D:4      | Reached skill level 5 in Axes
  3768 | D:4      | Reached skill level 5 in Dodging
  4038 | D:4      | Reached XP level 7. HP: 46/56 MP: 6/15
  4726 | D:5      | Entered Level 5 of the Dungeon
  5351 | D:5      | Reached ** piety under Kikubaaqudgha
  5351 | D:5      | Reached skill level 3 in Invocations
  5524 | D:5      | Noticed Edmund
  5572 | D:5      | Killed Edmund
  5572 | D:5      | Reached XP level 8. HP: 54/63 MP: 3/16
  6118 | D:6      | Found a stormy altar of Qazlal.
  6663 | D:6      | Reached skill level 4 in Invocations
  6703 | D:6      | Reached XP level 9. HP: 48/69 MP: 16/18
  7160 | D:6      | Found a staircase to the Ecumenical Temple.
  7371 | D:7      | Reached *** piety under Kikubaaqudgha
  7371 | D:7      | Identified Kikubaaqudgha's Collected Works on Stolen Souls (Kikubaaqudgha gifted it to you on level 7 of the Dungeon)
  7371 | D:7      | Received a gift from Kikubaaqudgha
  7691 | D:7      | Found a stormy altar of Qazlal.
  7720 | D:7      | Found a sand-covered staircase.
  7725 | Ossuary  | Entered an ossuary
  7764 | Ossuary  | Lost mutation: You are occasionally teleported next to monsters. [potion of mutation]
  7764 | Ossuary  | Gained mutation: Your thick and shaggy fur keeps you warm. (AC +3, rC+) [potion of mutation]
  7764 | Ossuary  | Gained mutation: You are partially covered in yellow scales. (AC +2) [potion of mutation]
  7988 | Ossuary  | Reached skill level 5 in Armour
  8967 | D:8      | Reached skill level 5 in Invocations
  9327 | D:8      | Reached **** piety under Kikubaaqudgha
  9429 | D:8      | Reached XP level 10. HP: 77/77 MP: 13/20
  9783 | D:8      | Noticed Pikel
  9783 | D:8      | Noticed a two-headed ogre
  9880 | D:8      | Learned a level 4 spell: Summon Lightning Spire
  9949 | D:8      | Killed Pikel
  9959 | D:8      | Reached skill level 5 in Short Blades
  9959 | D:8      | Reached skill level 5 in Long Blades
  9959 | D:8      | Reached skill level 5 in Maces & Flails
  9959 | D:8      | Reached skill level 5 in Polearms
  9959 | D:8      | Reached skill level 5 in Staves
  9959 | D:8      | Reached skill level 5 in Slings
  9959 | D:8      | Reached skill level 5 in Bows
  9959 | D:8      | Reached skill level 5 in Crossbows
  9959 | D:8      | Reached skill level 5 in Throwing
  9959 | D:8      | Reached skill level 5 in Stealth
  9959 | D:8      | Reached skill level 5 in Shields
  9959 | D:8      | Reached skill level 5 in Unarmed Combat
  9959 | D:8      | Reached skill level 5 in Evocations
 10447 | D:8      | Found a white marble altar of Elyvilon.
 10635 | D:9      | Noticed an unseen horror
 10658 | D:9      | Killed an unseen horror
 10930 | D:9      | Reached skill level 6 in Invocations
 10959 | D:9      | Found a staircase to the Orcish Mines.
 11138 | D:9      | Reached ***** piety under Kikubaaqudgha
 11408 | D:9      | Reached XP level 11. HP: 84/84 MP: 0/22
 11679 | D:9      | Found Tuze's Assorted Antiques.
 12237 | D:10     | Entered Level 10 of the Dungeon
 12248 | D:10     | Noticed Maurice
 12273 | D:10     | Killed Maurice
 12422 | D:10     | Killed a two-headed ogre
 12422 | D:10     | Reached skill level 5 in Conjurations
 12422 | D:10     | Reached skill level 5 in Hexes
 12422 | D:10     | Reached skill level 5 in Summonings
 12422 | D:10     | Reached skill level 5 in Necromancy
 12422 | D:10     | Reached skill level 5 in Translocations
 12422 | D:10     | Reached skill level 5 in Transmutations
 12422 | D:10     | Reached skill level 5 in Fire Magic
 12422 | D:10     | Reached skill level 5 in Ice Magic
 12422 | D:10     | Reached skill level 5 in Air Magic
 12422 | D:10     | Reached skill level 5 in Earth Magic
 12422 | D:10     | Reached skill level 5 in Poison Magic
 13038 | D:10     | Reached skill level 7 in Invocations
 13064 | D:10     | Reached ****** piety under Kikubaaqudgha
 13167 | D:10     | Noticed brevous's ghost (novice TrBe)
 13195 | D:10     | Killed brevous's ghost
 13386 | D:10     | Found a staircase to the Lair.
 13722 | D:10     | Found a glowing silver altar of Zin.
 13910 | D:10     | Noticed a two-headed ogre
 13928 | D:10     | Killed a two-headed ogre
 14172 | D:11     | Noticed a cyclops
 14196 | D:11     | Killed a cyclops
 14435 | D:11     | Noticed Urug
 14468 | D:11     | Killed Urug
 14468 | D:11     | Reached XP level 12. HP: 29/93 MP: 4/24
 15607 | D:11     | Identified a +9 dagger of pain (a +7 dagger of speed bloodied by Kikubaaqudgha)
 15607 | D:11     | Received a gift from Kikubaaqudgha
 15821 | Lair:1   | Entered Level 1 of the Lair of Beasts
 16253 | Lair:1   | Noticed a five-headed hydra
 16266 | Lair:1   | Killed a five-headed hydra
 16359 | Lair:1   | Found a blossoming altar of Fedhas.
 16361 | Lair:1   | Got a dazzling war axe
 16362 | Lair:1   | Identified the +8 war axe of Excruciating Pain {drain, *Rage Fragile rElec rPois} (You found it on level 1 of the Lair of Beasts)
 17120 | Lair:2   | Learned a level 3 spell: Dazzling Spray
 17645 | Lair:2   | Found a staircase to the Snake Pit.
 18154 | Lair:3   | Reached skill level 8 in Invocations
 18294 | Lair:3   | Found a dark tunnel.
 18315 | Volcano  | Entered a volcano
 18315 | Volcano  | Found the +0 Maxwell's etheric cage {RegenMP+ *Contam rElec MP+4}
 19078 | Lair:3   | Found a shadowy altar of Dithmenos.
 19698 | Lair:4   | Found a staircase to the Shoals.
 19867 | Lair:4   | Reached XP level 13. HP: 101/101 MP: 15/26
 20936 | Lair:5   | Reached skill level 9 in Invocations
 21474 | Lair:5   | Got an ancient trident
 21475 | Lair:5   | Identified the +4 trident of Ukeaf {flame, SInv} (You found it on level 5 of the Lair of Beasts)
 21565 | Lair:5   | Noticed Rupert
 21592 | Lair:5   | Killed Rupert
 22289 | Lair:5   | Reached skill level 10 in Spellcasting
 22777 | Lair:5   | Noticed packetloss's ghost (journeyman GrMo)
 22824 | Lair:5   | Killed packetloss's ghost
 22824 | Lair:5   | Reached XP level 14. HP: 71/109 MP: 13/28
 23073 | Lair:6   | Entered Level 6 of the Lair of Beasts
 23313 | Lair:6   | Reached skill level 10 in Fighting
 23313 | Lair:6   | Reached skill level 10 in Axes
 23313 | Lair:6   | Reached skill level 10 in Dodging
 23661 | Lair:6   | Got a shimmering lajatang
 23785 | Lair:6   | Identified the +8 lajatang "Guebal" {slice, rElec MR+ Dex-5} (You found it on level 6 of the Lair of Beasts)
 24251 | Lair:6   | Identified Sif Muna's Papyrus of Doomed Flames
 24270 | Lair:6   | HP: 5/110 [polar bear (1)]
 24749 | Lair:6   | Reached skill level 10 in Invocations
 24839 | Lair:6   | Found a staircase to the Slime Pits.
 25973 | D:12     | Found a sparkling altar of Nemelex Xobeh.
 27722 | D:13     | Found a gate to the Vaults.
 27981 | D:13     | Reached XP level 15. HP: 117/117 MP: 6/29
 28637 | D:13     | Learned a level 5 spell: Borgnjor's Vile Clutch
 28790 | D:13     | Reached skill level 10 in Armour
 30205 | D:14     | Found Venodd's Jewellery Shoppe.
 30402 | D:15     | Entered Level 15 of the Dungeon
 30789 | D:15     | Reached skill level 10 in Charms
 31052 | D:15     | Found a staircase to the Depths.
 31471 | D:15     | Reached skill level 10 in Short Blades
 31471 | D:15     | Reached skill level 10 in Long Blades
 31471 | D:15     | Reached skill level 10 in Maces & Flails
 31471 | D:15     | Reached skill level 10 in Polearms
 31471 | D:15     | Reached skill level 10 in Staves
 31471 | D:15     | Reached skill level 10 in Slings
 31471 | D:15     | Reached skill level 10 in Bows
 31471 | D:15     | Reached skill level 10 in Crossbows
 31471 | D:15     | Reached skill level 10 in Throwing
 31471 | D:15     | Reached skill level 10 in Stealth
 31471 | D:15     | Reached skill level 10 in Shields
 31471 | D:15     | Reached skill level 10 in Unarmed Combat
 31471 | D:15     | Reached skill level 10 in Evocations
 31617 | D:15     | Paralysed by an ogre mage for 2 turns
 31629 | D:15     | Paralysed by an ogre mage for 3 turns
 32111 | Orc:1    | Entered Level 1 of the Orcish Mines
 32163 | Orc:1    | Noticed Harold
 32172 | Orc:1    | Killed Harold
 33027 | Orc:2    | Entered Level 2 of the Orcish Mines
 33027 | Orc:2    | Found a staircase to the Elven Halls.
 33184 | Orc:2    | Noticed an orc warlord
 33567 | Orc:2    | Killed an orc warlord
 33567 | Orc:2    | Reached skill level 11 in Invocations
 33979 | Orc:2    | Paralysed by an orc sorcerer for 4 turns
 34156 | Orc:2    | Noticed an orc warlord
 34466 | Orc:1    | Killed an orc warlord
 34603 | Orc:2    | Found a deep blue altar of Sif Muna.
 34619 | Orc:2    | Identified Sif Muna's Grimoire of Heat
 34687 | Orc:2    | Found a roughly hewn altar of Beogh.
 34702 | Orc:2    | Noticed Donald
 34726 | Orc:2    | Killed Donald
 34974 | Orc:2    | Found a roughly hewn altar of Beogh.
 34992 | Orc:2    | Found Xiw Axergh's Antique Weapon Shoppe.
 35059 | Orc:2    | Found Juzung's Book Shoppe.
 35182 | Orc:2    | Noticed Saint Roka
 35194 | Orc:2    | Reached XP level 16. HP: 58/125 MP: 3/31
 35443 | Orc:2    | Found Raxaoh's Antique Armour Shoppe.
 35459 | Orc:2    | Found Jureide's General Store.
 36072 | Orc:2    | Bought a book of Fire for 1040 gold pieces
 36078 | Orc:2    | Learned a level 5 spell: Fireball
 36644 | Snake:1  | Entered Level 1 of the Snake Pit
 37171 | Snake:1  | Reached XP level 17. HP: 131/131 MP: 32/32
 37618 | Snake:1  | Found Gipipt's Gadget Shop.
 37618 | Snake:1  | Found Wizxoliph's Jewellery Emporium.
 37619 | Snake:1  | Found Ywneimu's Gadget Shop.
 37641 | Snake:1  | Bought the ring of Wu Jian's Indignation {MP+9 Int+4 SInv} for 690 gold pieces
 37909 | Snake:2  | Noticed Jorgrun
 39649 | Snake:2  | Killed Jorgrun
 39848 | Snake:3  | Found Kemaonwy's Gadget Emporium.
 40344 | Snake:3  | Found Goebo's Antique Weapon Shop.
 41411 | Snake:3  | Found Xom Qarr's Weapon Emporium.
 41429 | Snake:3  | Identified the Papyrus of Dark Stones
 41799 | Snake:4  | Entered Level 4 of the Snake Pit
 41819 | Snake:4  | Got a transparent whip
 41823 | Snake:3  | Identified the +9 whip of Bodily Harmony {speed, Str+4} (You found it on level 4 of the Snake Pit)
 41859 | Snake:4  | Reached skill level 12 in Invocations
 44525 | Snake:4  | Reached XP level 18. HP: 123/140 MP: 34/34
 45859 | Snake:4  | Got a serpentine rune of Zot
 46406 | Elf:1    | Entered Level 1 of the Elven Halls
 46553 | Shoals:1 | Entered Level 1 of the Shoals
 46748 | Shoals:1 | Learned a level 3 spell: Confuse
 46790 | Shoals:1 | Noticed brevous's ghost (journeyman TrBe)
 46847 | Shoals:1 | Killed brevous's ghost
 47200 | Shoals:1 | Got a sparkling granite ring
 47201 | Shoals:1 | Identified the ring of Xom's Sleight of Hands {rF+ MP+9 Str+2} (You found it on level 1 of the Shoals)
 47246 | Shoals:1 | You fall through a shaft!
 48802 | Shoals:3 | Reached skill level 10 in Conjurations
 48802 | Shoals:3 | Reached skill level 10 in Hexes
 48802 | Shoals:3 | Reached skill level 10 in Summonings
 48802 | Shoals:3 | Reached skill level 10 in Necromancy
 48802 | Shoals:3 | Reached skill level 10 in Translocations
 48802 | Shoals:3 | Reached skill level 10 in Transmutations
 48802 | Shoals:3 | Reached skill level 10 in Fire Magic
 48802 | Shoals:3 | Reached skill level 10 in Ice Magic
 48802 | Shoals:3 | Reached skill level 10 in Air Magic
 48802 | Shoals:3 | Reached skill level 10 in Earth Magic
 48802 | Shoals:3 | Reached skill level 10 in Poison Magic
 48963 | Shoals:3 | Noticed Ilsuiw
 48980 | Shoals:3 | Killed Ilsuiw
 49245 | Shoals:3 | Noticed Bai Suzhen
 49436 | Shoals:3 | Killed Bai Suzhen
 49687 | Shoals:4 | Entered Level 4 of the Shoals
 50050 | Shoals:4 | Got a barnacled rune of Zot
 50323 | Shoals:4 | Identified the Tome of Lethal Feathers
 50572 | Shoals:4 | Reached XP level 19. HP: 80/148 MP: 8/35
 50782 | Shoals:4 | Reached skill level 13 in Invocations
 51781 | Vaults:1 | Entered Level 1 of the Vaults
 52291 | Vaults:1 | HP: 5/148 [ogre mage/crystal spear[an ironheart preserver] (49)]
 53230 | Vaults:1 | Found Seduskea's Book Emporium.
 53238 | Vaults:1 | Bought a book of Power for 540 gold pieces
 53245 | Vaults:1 | Learned a level 6 spell: Iron Shot
 54198 | Vaults:2 | Found Gaesok's Antique Armour Emporium.
 54494 | Vaults:2 | Bought a glowing shield for 247 gold pieces
 56938 | Vaults:2 | Identified the Volume of Venom
 57063 | Vaults:2 | Paralysed by a wizard for 5 turns
 57072 | Vaults:2 | Reached XP level 20. HP: 55/153 MP: 4/37
 57738 | Vaults:2 | Identified the Papyrus of the Birds
 57768 | Vaults:2 | Identified the Grimoire of the Snowflakes
 58144 | Vaults:2 | Identified Lehudib's Grimoire of Earth
 60087 | Vaults:3 | Reached skill level 14 in Invocations
 61314 | Vaults:3 | Found a staircase to the Crypt.
 61314 | Vaults:3 | Found an ancient bone altar of Kikubaaqudgha.
 61315 | Vaults:3 | Found a basalt altar of Yredelemnul.
 62587 | Vaults:4 | Reached XP level 21. HP: 126/164 MP: 25/39
 65122 | Elf:1    | You fall through a shaft!
 65125 | Elf:2    | Found Ani Hual's Jewellery Shop.
 65138 | Elf:2    | Found Ikumaan's Magic Scroll Shoppe.
 65466 | Elf:1    | Noticed Kirke
 65475 | Elf:1    | Killed Kirke
 66359 | Elf:1    | Found an ancient bone altar of Kikubaaqudgha.
 68083 | Depths:1 | Entered Level 1 of the Depths
 68371 | D:15     | Learned a level 6 spell: Simulacrum
 69085 | D:9      | Bought a scroll of enchant weapon for 240 gold pieces
 69176 | Elf:2    | Bought a scroll of enchant weapon for 105 gold pieces
 69451 | Depths:1 | Found Ofynekhle's Gadget Emporium.
 69885 | Depths:1 | Found a gateway to Hell.
 70268 | Depths:1 | Reached XP level 22. HP: 157/173 MP: 28/40
 70303 | Depths:1 | Reached skill level 15 in Invocations
 72602 | Depths:2 | Found the +15 Maxwell's patent armour {-Cast -Tele rElec MR+ rCorr}
 72788 | Depths:2 | Found a corrupted altar of Lugonu.
 72788 | Depths:2 | Found a one-way gate to the infinite horrors of the Abyss.
 73768 | Depths:3 | Found Opsuo's Armour Emporium.
 73768 | Depths:3 | Found Decsoad's Weapon Shoppe.
 73771 | Depths:3 | Found Lose's Weapon Emporium.
 73873 | Depths:3 | Noticed Frederick
 73986 | Depths:3 | Found a one-way gate leading to the halls of Pandemonium.
 74952 | Depths:3 | Reached skill level 15 in Spellcasting
 75034 | Depths:3 | Found the ring of Phasing {EV+8}
 76295 | Depths:4 | Reached skill level 15 in Fighting
 76295 | Depths:4 | Reached skill level 15 in Axes
 76295 | Depths:4 | Reached skill level 15 in Dodging
 76444 | Depths:4 | Found the +7 Kryia's mail coat {PotionHeal*2 rC+}
 76461 | Depths:4 | Got a pitted rapier
 76462 | Depths:4 | Identified the cursed +3 rapier of the Sea {pierce, rElec} (You found it on level 4 of the Depths)
 76486 | Depths:4 | Paralysed by a floating eye for 4 turns
 76504 | Depths:4 | Killed Frederick
 77032 | Depths:4 | Reached XP level 23. HP: 143/181 MP: 42/42
 77133 | Depths:4 | Paralysed by a floating eye for 4 turns
 78090 | Depths:5 | Entered Level 5 of the Depths
 78379 | Depths:5 | Found a gate to the Realm of Zot.
 78642 | Depths:5 | Reached skill level 15 in Long Blades
 78940 | Depths:5 | Found a gateway to a ziggurat.
 80576 | Vaults:5 | Entered Level 5 of the Vaults
 80576 | Vaults:5 | Found the +2 pair of boots of the Assassin {Detection Stab+ Stlth++}
 80590 | Vaults:5 | Reached skill level 15 in Armour
 80590 | Vaults:5 | Reached skill level 16 in Invocations
 81099 | Vaults:5 | Paralysed by an ogre mage for 3 turns
 81117 | Vaults:5 | HP: 7/182 [deep elf mage/bolt of lightning (23)]
 81118 | Vaults:5 | Killed from afar by a deep elf mage

Vault maps used:
D:1:      sevenhm_arrival_forest_fort_large_1
D:2:      lemuel_round_altar, st_stairs_3
D:3:      chequers_temple_overflow_minitemple, lemuel_zombie_altar_yredelemnul,
          lemuel_coloured_pillars_altar
D:4:      first_ration
D:5:      uniq_edmund
D:6:      minmay_temple_entry_poolview, nicolae_qazlal_general_emergency
D:7:      enter_ossuary_2, basic_altar, kennysheep_boxes
D:8:      marbit_many_paths, uniq_pikel
D:9:      zombieorc2_lemuel, serial_shops, nicolae_shop_waterfront,
          david_nohive_1, nzn_random_ring
D:10:     lair_entry_dummy, basic_altar, grunt_decor_arrowhead, uniq_maurice
D:11:     serial_co_window_serial, co_window_corner_a, co_window_cross_1,
          co_window_paths_a, co_window_corner_a, co_window_paths_a,
          co_window_corner_b, co_window_2corner, co_window_2corner,
          co_window_corner_b, co_window_broadway_c, co_window_broadway_a,
          glass_columns_a, glass_columns_a, glass_columns_b, minivault_4,
          uniq_urug
D:12:     basic_altar
D:13:     erik_vaults_2
D:14:     serial_shops, shop, minmay_misc_feat_rugged
D:15:     grunt_enter_depths_hoard, wad_floor_pattern_untrapped
Lair:1:   beast_lair_carwin_large_2, basic_altar
Lair:2:   minmay_snake_entry_guardpost_medium
Lair:3:   nicolae_volcano_entry_batcave, basic_altar, minivault_23, st_stairs_11
Lair:4:   shoals_dummy_entry, beast_lair_carwin_9
Lair:5:   onia_ninara_swampy_vault, uniq_rupert
Lair:6:   gammafunk_lair_ancient_temple, minmay_slime_entry_pillars
Shoals:1: cheibrodos_shoals_baths
Shoals:3: uniq_ilsuiw, uniq_bai_suzhen
Shoals:4: shoals_end_hangedman, shoals_ilsuiw_ice
Snake:1:  minmay_shop_grove
Snake:2:  uniq_jorgrun
Snake:3:  serial_shops, shop, nicolae_shop_crystal, shop
Snake:4:  snake_pit
Orc:1:    uniq_harold
Orc:2:    grunt_orc_cross, basic_altar, nicolae_orc_stony_grotto, led_sif_book,
          uniq_donald, uniq_saint_roka
Elf:1:    basic_altar, minivault_28, minivault_26, grunt_megastairs_5,
          uniq_kirke
Elf:2:    serial_shops, nicolae_shop_waterfront, shop, billiards_dpeg
Vaults:1: hangedman_vaults_nodes, nicolae_vaults_big_angled_halls,
          vaults_mumra_minichess, hangedman_vaults_pinch, v_misc_12,
          vaults_room_corners, vaults_room_fours, grunt_vaults_hallway_short,
          serial_shops, shop
Vaults:2: v_misc_10, nicolae_vaults_shelves_hall, v_misc_4,
          dpeg_vaults_monster_box, v_pattern_4, v_misc_2,
          nicolae_vaults_mini_display_case, hangedman_vaults_impose,
          ontoclasm_vaults_idyll, ontoclasm_vaults_shuriken,
          serial_hangedman_research, hangedman_research_electronics,
          hangedman_research_toxicology, hangedman_research_geology,
          hangedman_research_thermodynamics, serial_shops,
          nicolae_shop_temple_entry_statues_fountains
Vaults:3: nicolae_vaults_big_angled_halls, v_misc_15, v_misc_3,
          minmay_crypt_entry_necro_gods, ontoclasm_vaults_ligature,
          vaults_dpeg_spiral, hangedman_vaults_cutoff, vaults_mumra_lcd,
          ontoclasm_vaults_eye, vaults_mumra_hexcomb, vaults_room_semicircle,
          vaults_dpeg_ring
Vaults:4: v_pattern_1, v_alt_pattern_3, v_misc_9,
          nicolae_vaults_yaktaur_gun_rack, nicolae_vaults_circle_grid_a,
          v_rooms_5, grunt_vaults_diagonal, hangedman_vaults_restitches,
          nicolae_vaults_border_crossing, vaults_room_hallway
Depths:1: serial_shops, shop, hangedman_decor_lopped, lightli_too_deep,
          hangedman_decor_diamond_cutter, kennysheep_generic_room_3
Depths:2: minmay_the_grid_four_pointed_star_mashed, abyss_entry_flame_altar,
          hex_tiny, hell_entry, roderic_roman_lattice,
          minmay_staircase_windowed_small
Depths:3: minmay_outward_triangles, hell_entry, abandoned_shop, pan_entry,
          laboratory, minmay_shop_star, minmay_staircase_statues, uniq_frederick
Depths:4: minmay_haunted_quarter, grunt_pan_entry_zigzag, abyss_entry,
          minmay_misc_feat_more_columns, hell_entry
Depths:5: grunt_zot_entry_bicorn, enter_ziggurat_e, hell_entry,
          rand_demon_pan_entry_8
Ossuary:  ossuary_crypta
Volcano:  volcano_overflow

Skill      XL: |  1  2  3  4  5  6  7  8  9 10 11 12 13 14 15 16 17 18 19 20 21 22 23 |
---------------+----------------------------------------------------------------------+-----
Spellcasting   | 5 6 7 8 9 10 11 12 13 14 15 | 15.6
Invocations    | 1 2 3 4 5 6 7 8 9 10 11 12 13 14 15 16 | 16.1
Short Blades   | 1 2 3 4 5 6 7 8 9 10 11 12 13 14 | 14.9
Long Blades    | 1 2 3 4 5 6 7 8 9 10 11 12 13 14 15 | 15.4
Maces & Flails | 1 2 3 4 5 6 7 8 9 10 11 12 13 14 | 14.9
Polearms       | 1 2 3 4 5 6 7 8 9 10 11 12 13 14 | 14.9
Staves         | 1 2 3 4 5 6 7 8 9 10 11 12 13 14 | 14.9
Slings         | 1 2 3 4 5 6 7 8 9 10 11 12 13 14 | 14.9
Bows           | 1 2 3 4 5 6 7 8 9 10 11 12 13 14 | 14.9
Crossbows      | 1 2 3 4 5 6 7 8 9 10 11 12 13 14 | 14.9
Throwing       | 1 2 3 4 5 6 7 8 9 10 11 12 13 14 | 14.9
Stealth        | 1 2 3 4 5 6 7 8 9 10 11 12 13 14 | 14.9
Shields        | 1 2 3 4 5 6 7 8 9 10 11 12 13 14 | 14.9
Unarmed Combat | 1 2 3 4 5 6 7 8 9 10 11 12 13 14 | 14.9
Evocations     | 1 2 3 4 5 6 7 8 9 10 11 12 13 14 | 14.9
Conjurations   | 1 2 3 4 5 6 7 8 9 10 11 12 | 12.9
Hexes          | 1 2 3 4 5 6 7 8 9 10 11 12 | 12.9
Summonings     | 1 2 3 4 5 6 7 8 9 10 11 12 | 12.9
Necromancy     | 1 2 3 4 5 6 7 8 9 10 11 12 | 12.9
Translocations | 1 2 3 4 5 6 7 8 9 10 11 12 | 12.9
Transmutations | 1 2 3 4 5 6 7 8 9 10 11 12 | 12.9
Fire Magic     | 1 2 3 4 5 6 7 8 9 10 11 12 | 12.9
Ice Magic      | 1 2 3 4 5 6 7 8 9 10 11 12 | 12.9
Air Magic      | 1 2 3 4 5 6 7 8 9 10 11 12 | 12.9
Earth Magic    | 1 2 3 4 5 6 7 8 9 10 11 12 | 12.9
Poison Magic   | 1 2 3 4 5 6 7 8 9 10 11 12 | 12.9
Armour         | 3 4 5 6 7 8 9 10 11 12 13 14 15 | 15.1
Fighting       | 5 6 7 8 9 10 11 12 13 14 15 | 15.5
Axes           | 5 6 7 8 9 10 11 12 13 14 15 | 15.5
Dodging        | 5 6 7 8 9 10 11 12 13 14 15 | 15.5
Charms         | 6 7 8 9 10 11 12 13 | 13.8

Action                   |  1- 3 |  4- 6 |  7- 9 | 10-12 | 13-15 | 16-18 | 19-21 | 22-24 || total
-------------------------+-------+-------+-------+-------+-------+-------+-------+-------++-------
Melee: Hand axe          |    71 |    56 |       |       |       |       |       |       ||   127
       Bite              |    10 |    20 |    55 |   126 |   150 |   115 |   235 |    78 ||   789
       Staff             |    48 |   119 |       |       |       |       |       |       ||   167
       Punch             |       |     1 |     6 |    41 |     8 |       |       |       ||    56
       Dagger            |       |    40 |   503 |  1049 |  1100 |   866 |   787 |       ||  4345
       Unarmed           |       |       |       |       |    68 |       |       |       ||    68
       Demon whip        |       |       |       |       |       |       |   530 |   476 ||  1006
 Cast: Infusion          |     2 |    15 |    31 |    59 |    61 |    51 |    68 |     7 ||   294
       Shroud of Golubri |       |     3 |    18 |    43 |    63 |    55 |    76 |    28 ||   286
       Song of Slaying   |       |     3 |     8 |     5 |    12 |     3 |     2 |       ||    33
       Spectral Weapon   |       |     3 |     2 |     3 |    21 |     5 |    30 |    34 ||    98
       Summon Lightning  |       |       |       |    29 |   123 |    94 |    48 |    17 ||   311
       Dazzling Spray    |       |       |       |     1 |     9 |     7 |     1 |       ||    18
       Borgnjor's Vile C |       |       |       |       |    46 |    94 |   178 |    87 ||   405
       Fireball          |       |       |       |       |       |    64 |   133 |    79 ||   276
       Confuse           |       |       |       |       |       |     1 |    10 |     1 ||    12
       Iron Shot         |       |       |       |       |       |       |    27 |     2 ||    29
       Simulacrum        |       |       |       |       |       |       |     5 |    44 ||    49
Invok: Brand Weapon With |       |       |       |     1 |       |       |       |       ||     1
       Receive Corpses   |       |       |       |       |       |     4 |    17 |    30 ||    51
Evoke: Wand              |       |       |       |       |    12 |       |       |     7 ||    19
  Use: Scroll            |     1 |    11 |    14 |    12 |     8 |    15 |    26 |    15 ||   102
       Potion            |     1 |     1 |     8 |     5 |    11 |    11 |    10 |     7 ||    54
 Stab: Sleeping          |     2 |     2 |     3 |    13 |    13 |    11 |     7 |       ||    51
       Distracted        |       |     1 |     1 |     8 |    26 |    12 |    16 |     7 ||    71
       Invisible         |       |       |       |       |     3 |     1 |       |     1 ||     5
       Confused          |       |       |       |       |       |       |     3 |       ||     3
       Petrified         |       |       |       |       |       |       |     2 |       ||     2
  Eat: Chunk             |     1 |     4 |     8 |     8 |    12 |    14 |    59 |    14 ||   120
       Ration            |       |     2 |     3 |    10 |    14 |    15 |     6 |    11 ||    61
Armor: Leather armour    |    26 |    47 |    74 |   248 |   164 |       |       |       ||   559
       Skin              |       |       |       |       |     1 |       |       |       ||     1
       Acid dragon scale |       |       |       |       |   120 |    47 |       |       ||   167
       Fire dragon scale |       |       |       |       |       |   172 |   329 |   146 ||   647
Dodge: Dodged            |   113 |   128 |   210 |   481 |   458 |   314 |   460 |   238 ||  2402
Block: Other             |       |    34 |    98 |   178 |    41 |       |       |       ||   351
       Reflection        |       |       |     1 |     1 |    30 |   126 |   128 |    45 ||   331
       Buckler           |       |       |       |     8 |   408 |       |       |       ||   416
       Shield            |       |       |       |       |    39 |   754 |  1005 |   476 ||  2274

Table legend:
 A = Spawn XP
 B = Non-spawn XP
 C = Spawn XP percentage of total XP
 D = Spawn monster count
 E = Non-spawn monster count
 F = Spawn count percentage of total count
 G = Total turns spent on level
                    A         B        C        D         E        F      G
               +---------+---------+-------+---------+---------+-------+---------
         Total |       0 |  754527 |   0.0 |       0 |    1844 |   0.0 | 81118
               +---------+---------+-------+---------+---------+-------+---------
           D:1 |       0 |      54 |   0.0 |       0 |      28 |   0.0 |   997
           D:2 |       0 |     108 |   0.0 |       0 |      21 |   0.0 |  1599
           D:3 |       0 |      67 |   0.0 |       0 |      24 |   0.0 |   935
           D:4 |       0 |     474 |   0.0 |       0 |      21 |   0.0 |  1195
           D:5 |       0 |     736 |   0.0 |       0 |      14 |   0.0 |  1270
           D:6 |       0 |    1387 |   0.0 |       0 |      29 |   0.0 |  1360
           D:7 |       0 |     736 |   0.0 |       0 |      25 |   0.0 |   881
           D:8 |       0 |    2021 |   0.0 |       0 |      29 |   0.0 |  1720
           D:9 |       0 |    4864 |   0.0 |       0 |      92 |   0.0 |  1885
          D:10 |       0 |    6666 |   0.0 |       0 |      40 |   0.0 |  2094
          D:11 |       0 |    2098 |   0.0 |       0 |      25 |   0.0 |  1889
          D:12 |       0 |    3807 |   0.0 |       0 |      30 |   0.0 |  1925
          D:13 |       0 |   13817 |   0.0 |       0 |      42 |   0.0 |  2898
          D:14 |       0 |    7268 |   0.0 |       0 |      38 |   0.0 |   871
          D:15 |       0 |   19870 |   0.0 |       0 |      44 |   0.0 |  2631
        Lair:1 |       0 |    4429 |   0.0 |       0 |      22 |   0.0 |  1399
        Lair:2 |       0 |    1337 |   0.0 |       0 |       9 |   0.0 |  1288
        Lair:3 |       0 |    4507 |   0.0 |       0 |      22 |   0.0 |  1381
        Lair:4 |       0 |    8401 |   0.0 |       0 |      34 |   0.0 |  1494
        Lair:5 |       0 |   15858 |   0.0 |       0 |      39 |   0.0 |  2055
        Lair:6 |       0 |   20521 |   0.0 |       0 |      76 |   0.0 |  2611
      Shoals:1 |       0 |   10778 |   0.0 |       0 |      26 |   0.0 |  1007
      Shoals:2 |       0 |    7229 |   0.0 |       0 |      18 |   0.0 |  1063
      Shoals:3 |       0 |   21194 |   0.0 |       0 |      34 |   0.0 |  1197
      Shoals:4 |       0 |   37838 |   0.0 |       0 |      64 |   0.0 |  1796
       Snake:1 |       0 |    8605 |   0.0 |       0 |      15 |   0.0 |  1423
       Snake:2 |       0 |   18792 |   0.0 |       0 |      32 |   0.0 |  2357
       Snake:3 |       0 |   15596 |   0.0 |       0 |      40 |   0.0 |  1989
       Snake:4 |       0 |   28392 |   0.0 |       0 |      65 |   0.0 |  3588
         Orc:1 |       0 |    5292 |   0.0 |       0 |      26 |   0.0 |  1996
         Orc:2 |       0 |   10936 |   0.0 |       0 |      89 |   0.0 |  2396
         Elf:1 |       0 |   19100 |   0.0 |       0 |      36 |   0.0 |  1891
         Elf:2 |       0 |   11777 |   0.0 |       0 |      21 |   0.0 |  1087
      Vaults:1 |       0 |   30186 |   0.0 |       0 |      54 |   0.0 |  3643
      Vaults:2 |       0 |   68727 |   0.0 |       0 |     134 |   0.0 |  4028
      Vaults:3 |       0 |   44411 |   0.0 |       0 |      75 |   0.0 |  2191
      Vaults:4 |       0 |   69128 |   0.0 |       0 |      92 |   0.0 |  3605
      Vaults:5 |       0 |   38722 |   0.0 |       0 |      43 |   0.0 |    80
      Depths:1 |       0 |   28816 |   0.0 |       0 |      39 |   0.0 |  3130
      Depths:2 |       0 |   44132 |   0.0 |       0 |      51 |   0.0 |  1497
      Depths:3 |       0 |   31734 |   0.0 |       0 |      49 |   0.0 |  2106
      Depths:4 |       0 |   51244 |   0.0 |       0 |      85 |   0.0 |  2510
      Depths:5 |       0 |   31529 |   0.0 |       0 |      36 |   0.0 |  1412
       Ossuary |       0 |     196 |   0.0 |       0 |      12 |   0.0 |   526
       Volcano |       0 |    1147 |   0.0 |       0 |       4 |   0.0 |   222
               +---------+---------+-------+---------+---------+-------+---------
